AoeStats
← 374643963

Black Forest

507693887Analyzed
4v4 RM · 14d ago on Sep 19, 2026· 48m 31s· 8 players
Game mode
Random Map
Map size
Large (8 player)
Population
200
Speed
Normal
Resources
Standard
Victory
Conquest
Starting age
Dark Age
Ending age
Imperial Age
RankedLock teamsTeams togetherTeam positionsShared explorationLock speedFull tech treeHidden civsTurbo modeCheats
Victory
Defeat
🇬🇧 Hindustanis · United Kingdom
1120
+14
🇨🇳 Vietnamese · China
1113
+14
🇨🇳 Italians · China
1074
+16
🇭🇰 Bohemians · Hong Kong SAR China
1044
+50
🇨🇳 Koreans · China
1131
-17
🇻🇳 Khmer · Vietnam
1122
-16
🇺🇸 Celts · United States
1054
-15
🇮🇹 Aztecs · Italy
1003
-13
文知章
0:31 Loom
13:35 Feudal Age
14:07 Double-Bit Axe
14:03 Horse Collar
19:51 Castle Age
21:46 Bow Saw
21:40 Heavy Plow
23:24 Gold Mining
25:08 Wheelbarrow
27:49 Stone Mining
30:34 Imperial Age
28:31 Fletching
28:42 Padded Archer Armor
28:30 Treadmill Crane
29:15 Ballistics
28:51 Treadmill Crane
30:17 Stone Shaft Mining
29:49 Bodkin Arrow
31:07 Hand Cart
31:05 Padded Archer Armor
32:27 Two-Man Saw
32:54 Chemistry
32:33 Town Watch
32:59 Bracer
33:53 Leather Archer Armor
34:40 Bombard Tower
34:45 Conscription
35:56 Crop Rotation
36:37 Ring Archer Armor
40:40 Silk Road
40:39 Elite Genoese Crossbowman
43:16 Caravan
46:27 Spies/Treason
4Tapping
10:48 Feudal Age
15:00 Castle Age
13:41 Double-Bit Axe
13:37 Horse Collar
21:28 Wheelbarrow
20:39 Loom
21:38 Gold Mining
21:39 Stone Mining
23:20 Gold Shaft Mining
24:55 Hand Cart
28:55 Imperial Age
27:14 Bow Saw
27:07 Heavy Plow
28:29 Town Watch
29:41 Town Patrol
29:34 Fletching
29:44 Padded Archer Armor
29:58 Forging
29:53 Scale Barding Armor
30:45 Stone Shaft Mining
32:54 Two-Man Saw
32:35 Iron Casting
32:20 Chain Barding Armor
33:23 Chemistry
32:44 Ballistics
32:20 Murder Holes
32:12 Heavy Camel Rider
33:04 Bloodlines
32:54 Husbandry
33:24 Caravan
33:54 Coinage
33:58 Imperial Camel Rider
35:54 Blast Furnace
35:29 Plate Barding Armor
35:30 Fletching
37:54 Banking
37:31 Grand Trunk Road
37:53 Conscription
38:09 Hoardings
46:13 Fortified Wall
46:08 Siege Engineers
46:14 Masonry
46:06 Scale Mail Armor
46:02 Bodkin Arrow
46:07 Padded Archer Armor
大理段正纯
10:32 Feudal Age
14:49 Wheelbarrow
17:01 Castle Age
16:02 Double-Bit Axe
16:05 Horse Collar
18:20 Hand Cart
18:20 Bow Saw
18:14 Heavy Plow
24:44 Gold Mining
24:45 Stone Mining
26:32 Stone Shaft Mining
34:04 Imperial Age
31:43 Scale Barding Armor
31:49 Forging
31:46 Chatras
32:08 Bloodlines
32:00 Husbandry
32:09 Town Watch
32:10 Loom
32:35 Devotion
34:41 Chain Barding Armor
34:57 Iron Casting
34:27 Town Patrol
34:16 Elite Battle Elephant
36:55 Plate Barding Armor
36:53 Crop Rotation
39:05 Cavalier
44:47 Spies/Treason
374643963
19:13 Feudal Age
20:44 Wheelbarrow
20:29 Horse Collar
20:49 Double-Bit Axe
34:55 Castle Age
37:27 Arson
39:21 Pikeman
40:03 Squires
41:14 Hand Cart
40:42 Elite Skirmisher
40:46 Crossbowman
45:08 Bow Saw
46:11 Heavy Plow
wickedclownz31
8:27 Loom
10:37 Feudal Age
11:09 Double-Bit Axe
11:35 Horse Collar
18:47 Castle Age
17:24 Wheelbarrow
19:50 Bow Saw
19:53 Heavy Plow
20:50 Gold Mining
24:56 Stone Mining
25:42 Gold Shaft Mining
25:31 Caravan
27:46 Forging
27:38 Scale Mail Armor
29:04 Stone Shaft Mining
29:18 Pikeman
35:32 Imperial Age
34:06 Hand Cart
35:34 Halberdier
35:37 Onager
37:10 Siege Engineers
39:22 Chain Mail Armor
39:42 Iron Casting
tugou
KhmerEmpire9164
2:13 Loom
14:47 Feudal Age
18:07 Castle Age
15:51 Horse Collar
16:28 Double-Bit Axe
16:40 Stone Mining
17:37 Gold Mining
18:56 Wheelbarrow
21:17 Bow Saw
24:48 Gold Shaft Mining
30:36 Heavy Plow
31:32 Hand Cart
35:16 Imperial Age
32:54 Town Watch
34:11 Stone Shaft Mining
33:53 Husbandry
33:14 Light Cavalry
34:05 Bloodlines
34:02 Scale Barding Armor
34:08 Forging
34:31 Town Patrol
35:02 Ballistics
34:37 Murder Holes
35:18 Heavy Scorpion
36:02 Double Crossbow
36:24 Conscription
36:25 Siege Engineers
36:58 Chain Barding Armor
37:14 Iron Casting
38:11 Chemistry
36:41 Hussar
38:20 Plate Barding Armor
40:56 Blast Furnace
nicneim
0:56 Loom
14:20 Feudal Age
15:36 Double-Bit Axe
21:51 Castle Age
20:27 Forging
21:49 Wheelbarrow
23:07 Bow Saw
26:38 Eagle Warrior
28:00 Caravan
29:07 Iron Casting
32:44 Atlatl
33:19 Squires
36:27 Ballistics
36:02 Murder Holes
37:01 Scale Mail Armor
36:54 Fletching
37:38 Pikeman
41:03 Elite Skirmisher
Connection lost

Rejoining the realm…

Still unreachable

The connection could not be restored.

Session expired

The server has moved on; the page needs a fresh start.